 Dungeon Crawl Stone Soup version 0.16.0-17-g811c1d7 (webtiles) character file.

108 HungrySpirit the Shield-Bearer (level 4, -1/43 HPs)
             Began as a Gargoyle Fighter on Mar 21, 2015.
             Killed from afar by Sigmund (3 damage)
             ... with a puff of flame
             ... on level 3 of the Dungeon.
             The game lasted 00:04:13 (2034 turns).

HungrySpirit the Shield-Bearer (Gargoyle Fighter)   Turns: 2034, Time: 00:04:14

Health: -1/43      AC: 22    Str: 25    XL:     4   Next: 87%
Magic:  4/4        EV:  2    Int:  9    God:
Gold:   79         SH: 10    Dex:  9    Spells: 0 memorised, 3 levels left

rFire  . . .     SeeInvis .     a - +0 flail
rCold  . . .     Clarity  .     b - melded +0 scale mail
rNeg   + + +     SustAb   .     c - +0 shield
rPois  ∞         Gourm    .     (helmet currently unavailable)
rElec  .         Spirit   .     (cloak currently unavailable)
rCorr  .         Warding  .     (gloves currently unavailable)
rMut   .         NoTele   +     (boots currently unavailable)
MR     .....                    (no amulet)
Stlth  +.........               (no ring)
                                (no ring)

@: mighty, tree-form, not resistant to hostile enchantments, very unstealthy
A: negative energy resistance 1, (electricity resistance), (unbreathing),
petrification resistance, rot immunity, AC +3
a: no special abilities


You were on level 3 of the Dungeon.
You were hungry.
You were a tree.
You visited 1 branch of the dungeon, and saw 3 of its levels.

You collected 79 gold pieces.

Inventory:

Hand weapons
 a - a +0 flail (weapon)
Armour
 b - a +0 scale mail (melded)
 c - a +0 shield (worn)
Jewellery
 f - an uncursed amulet of resist corrosion {unknown}
 i - an uncursed ring of see invisible {unknown}
 q - a cursed -3 ring of dexterity {unknown}
Scrolls
 h - 3 scrolls of remove curse {unknown}
 k - a scroll of recharging {unknown}
 l - a scroll of random uselessness {unknown}
 n - a scroll of enchant armour {unknown}
 o - a scroll of identify {unknown}
Potions
 g - 2 potions of curing {unknown}
 j - a potion of agility {unknown}
 m - 2 potions of lignification
 r - a potion of restore abilities {unknown}
 s - a potion of heal wounds {unknown}
Comestibles
 d - 3 bread rations
 p - 2 beef jerkies


   Skills:
 + Level 3.9 Fighting
 * Level 3.8 Maces & Flails
 - Level 3.2 Armour
 + Level 4.1 Shields


You had 3 spell levels left.
You didn't know any spells.

Dungeon Overview and Level Annotations

Branches:
Dungeon (3/15)

Altars:
Cheibriados
Elyvilon
Kikubaaqudgha

Annotations:
D:3 Sigmund


Innate Abilities, Weirdness & Mutations

You are resistant to torment.
You are immune to poison.
((Your stone body is very resilient (AC +3).))
You resist negative energy.
((You are resistant to electric shocks.))
((You can survive without breathing.))
You are immune to petrification.
You are immune to rotting.


Message History

* * * LOW HITPOINT WARNING * * *
x2 Unknown command.
Drink which item? (? for menu, Esc to quit)
It was a potion of lignification.
You turn into a tree.
Your +0 scale mail melds into your body.
Your roots penetrate the ground.
You block its attack.
Drink which item? (? for menu, Esc to quit)
Okay, then.
You completely miss something. You miss something.
Something hits you but does no damage.
You miss something.
You hear some strange, mumbled words.
Helpless, you fail to dodge the puff of flame.
* * * LOW HITPOINT WARNING * * *
You sock something!! You block its attack.
You miss something.
You hear some strange, mumbled words.
A puff of flame appears from out of thin air!
The puff of flame hits you!
You die...

... ........
........
....... #
.....#...
.........
#........
##{_..._...
##.♣........
#.....8.....
####....../...
#....#†.......
#.####..._....
#.## #.....##
. #..# #....##
#.# #..#
#.#### .. #..#
#.# ..


There were no monsters in sight!

Vanquished Creatures
  4 adders (D:2)
  A gnoll (D:1)
  A worm (D:2)
  2 giant geckos
  5 orcs (D:3)
  9 bats
  A giant cockroach (D:1)
  5 goblins
  4 hobgoblins
  8 kobolds
  A ball python (D:1)
  A giant newt (D:2)
  A quokka (D:2)
  10 rats
53 creatures vanquished.

Notes
Turn   | Place    | Note
--------------------------------------------------------------
     0 | D:1      | HungrySpirit, the Gargoyle Fighter, began the quest for the Orb.
     0 | D:1      | Reached XP level 1. HP: 14/14 MP: 1/1
   250 | D:1      | Reached XP level 2. HP: 16/19 MP: 2/2
   706 | D:1      | Reached XP level 3. HP: 15/23 MP: 3/3
  1082 | D:2      | Reached XP level 4. HP: 29/29 MP: 4/4
  1209 | D:2      | You fall through a shaft!
  1235 | D:3      | Reached skill level 4 in Shields
  2017 | D:3      | Found a white marble altar of Elyvilon.
  2020 | D:3      | Found an ancient bone altar of Kikubaaqudgha.
  2020 | D:3      | Found a snail-covered altar of Cheibriados.
  2021 | D:3      | Noticed Sigmund
  2032 | D:3      | HP: 2/43 [something/puff of flame (5)]
  2034 | D:3      | Killed from afar by Sigmund

Action                   |  1- 3 |  4- 6 || total
-------------------------+-------+-------++-------
Melee: Flail             |    68 |    80 ||   148
  Use: Potion            |       |     2 ||     2
  Eat: Chunk             |       |     3 ||     3
